 Dungeon Crawl Stone Soup version 0.27.0-1-g7a089689b8 (webtiles) character file.

Game seed: 16702423351676419039

99 loansindi the Cudgeller (level 4, -1/40 HPs)
             Began as a Minotaur Monk on Aug 17, 2021.
             Slain by a gnoll (4 damage)
             ... on level 2 of the Dungeon.
             The game lasted 00:06:15 (1518 turns).

loansindi the Cudgeller (Minotaur Monk)             Turns: 1518, Time: 00:06:16

Health: -1/40      AC:  6    Str: 16    XL:     4   Next: 45%
Magic:  3/3        EV: 10    Int:  7    God:
Gold:   32         SH:  0    Dex: 13    Spells: 3/3 levels left

rFire    . . .     SeeInvis .   a - +0 mace
rCold    . . .     Faith    .   (no shield)
rNeg     . . .     Spirit   .   e - +0 scale mail
rPois    .         Reflect  .   (helmet restricted)
rElec    .         Harm     .   (no cloak)
rCorr    .         Rampage  .   (no gloves)
Will     .....                  (no boots)
Stlth    ..........             (no amulet)
HPRegen  0.13/turn              (no ring)
MPRegen  0.08/turn              (no ring)

@: about to teleport
A: horns 2, retaliatory headbutt
a: no special abilities


You were on level 2 of the Dungeon.
You visited 1 branch of the dungeon, and saw 2 of its levels.

You collected 32 gold pieces.

Inventory:

Hand Weapons
 a - a +0 mace (weapon)
 g - a +0 mace
 k - a +0 spear
Missiles
 f - 39 arrows
 j - 40 bolts
 m - 32 stones (quivered)
Armour
 b - a +0 robe
 c - a scarf of invisibility
 e - a +0 scale mail (worn)
 o - a +0 ring mail
Magical Staves
 l - a staff of air
Scrolls
 h - a scroll of vulnerability {unknown}
 n - a scroll of torment {unknown}
Potions
 i - 3 potions of curing {unknown}
 p - a potion of might {unknown}
 q - a potion of resistance {unknown}


   Skills:
 + Level 4.2 Fighting
 + Level 5.0 Maces & Flails
 + Level 2.0 Armour
 + Level 3.7 Dodging
 + Level 1.7 Stealth


You had 3 spell levels left.
You didn't know any spells.
Your spell library was empty.

Dungeon Overview and Level Annotations

Branches:
Dungeon (2/15)

Altars:


Innate Abilities, Weirdness & Mutations

You have a pair of horns on your head.
You reflexively headbutt those who attack you in melee.


Message History

The gnoll barely misses you. The gnoll hits you with a +0 club.
You sock the gnoll!
The gnoll is almost dead.
The gnoll hits you with a +0 flail. The gnoll hits you but does no damage.
You hit the gnoll. You headbutt the gnoll.
The gnoll is moderately wounded.
The gnoll hits you with a +0 flail.
A goblin comes into view. It is wielding a +0 dagger.
The gnoll completely misses you.
You hit the hobgoblin. Your headbutt misses the hobgoblin.
The hobgoblin is severely wounded.
The gnoll hits you with a +0 flail. The gnoll hits you but does no damage.
The gnoll hits you with a +0 club. The hobgoblin closely misses you.
The gnoll hits you from afar with a +0 spear.
The gnoll misses you. You furiously retaliate!
You headbutt the gnoll. The hobgoblin barely misses you.
The gnoll hits you with a +0 flail.
* * * LOW HITPOINT WARNING * * *
As you read the scroll of teleportation, it crumbles to dust.
You feel strangely unstable. The hobgoblin barely misses you.
The gnoll barely misses you. The gnoll hits you with a +0 flail.
* * * LOW HITPOINT WARNING * * *
You closely miss the gnoll.
The gnoll is almost dead.
A hobgoblin comes into view.
The gnoll hits you but does no damage. The hobgoblin hits you with a +0 club.
* * * LOW HITPOINT WARNING * * *
The gnoll hits you but does no damage. The gnoll closely misses you.
The hobgoblin moves out of view.
You sock the gnoll!
You kill the gnoll!
The hobgoblin hits you with a +0 club.
* * * LOW HITPOINT WARNING * * *
The gnoll hits you with a +0 flail.
* * * LOW HITPOINT WARNING * * *
The gnoll completely misses you.
Your Armour skill increases to level 2!
The hobgoblin hits you with a +0 club.
* * * LOW HITPOINT WARNING * * *
The gnoll hits you from afar with a +0 spear.
You die...

##
..............
###.
##.####.######
... #.# #.#
#.###.# #.# #
###.†..# #.# #
#. #....#.# #.#
##.##.##.####.#
#.# .......#)#
#.# #.#
#....#g@# #.#
#.# #g.g# #.#
#.#
##<#####.####.#
##g..........#
#.#####.######
#.# ..# ####


You could see 2 gnolls and a hobgoblin.

Vanquished Creatures
  3 gnolls
  An adder (D:2)
  A worm (D:2)
  A dart slug (D:2)
  A bat (D:2)
  7 endoplasms
  3 giant cockroaches (D:1)
  2 goblins (D:1)
  4 hobgoblins
  15 jackals
  A ball python (D:2)
  3 frilled lizards
  3 kobolds
  4 rats (D:1)
49 creatures vanquished.

Notes
Turn   | Place    | Note
-------+----------+-------------------------------------------
     0 | D:1      | loansindi the Minotaur Monk began the quest for the Orb.
     0 | D:1      | Reached XP level 1. HP: 19/19 MP: 0/0
   182 | D:1      | Reached XP level 2. HP: 27/27 MP: 1/1
   210 | D:1      | Reached skill level 4 in Maces & Flails
   403 | D:1      | Found a faded altar of an unknown god.
   426 | D:1      | Reached XP level 3. HP: 20/33 MP: 2/2
  1237 | D:2      | Reached skill level 1 in Armour
  1329 | D:2      | Reached XP level 4. HP: 37/40 MP: 3/3
  1461 | D:2      | Reached skill level 5 in Maces & Flails
  1518 | D:2      | Slain by a gnoll

Illustrated notes

Levels and vault maps discovered:
D:1:      lemuel_arrival_river_ford, layout_basic, serial_forest,
          infiniplex_forest_lined_corner, infiniplex_forest_lined_2,
          infiniplex_forest_straight_3, infiniplex_forest_end_1,
          shapermc_ecumenical_altar_totnotflames
D:2:      layout_loops_ring, basic_altar

Skill      XL: |  1  2  3  4 |
---------------+-------------+-----
Fighting       | 4 |  4.2
Maces & Flails | 4 5 |  5.0
Armour         | 1 2 |  2.0
Dodging        | |  3.7
Stealth        | |  1.7

Action                   |  1- 3 |  4- 6 || total
-------------------------+-------+-------++-------
Melee: Mace              |    93 |    16 ||   109
       Headbutt          |     6 |     3 ||     9
  Use: Scroll            |       |     2 ||     2
 Stab: Sleeping          |     1 |       ||     1
Armor: Scale mail        |    46 |     6 ||    52
       Robe              |     3 |       ||     3
Dodge: Dodged            |    74 |    15 ||    89
